 Dungeon Crawl Stone Soup version 0.21-a0-396-ga924934 (webtiles) character file.

248 dracos369 the Conjurer (level 5, 0/28 HPs)
             Began as a Deep Elf Conjurer on Oct 19, 2017.
             Succumbed to a worker ant's poison
             ... on level 3 of the Dungeon.
             The game lasted 00:15:22 (3322 turns).

dracos369 the Conjurer (Deep Elf Conjurer)          Turns: 3322, Time: 00:15:24

Health: 0/28       AC:  3    Str:  5    XL:     5   Next: 86%
Magic:  1/14       EV: 13    Int: 21    God:
Gold:   208        SH:  0    Dex: 15    Spells: 3/13 levels left

rFire    . . .     SeeInvis .   u - +1 trident (venom)
rCold    . . .     Gourm    .   (no shield)
rNeg     . . .     Faith    .   g - +0 robe
rPois    .         Spirit   .   (no helmet)
rElec    .         Reflect  .   q - +0 cloak
rCorr    .         Harm     .   (no gloves)
MR       .....                  (no boots)
Stlth    ++........             t - amulet of rage
HPRegen  0.09/turn              (no ring)
MPRegen  0.14/turn              (no ring)

@: lethally poisoned (0 -> -5)
A: no striking features
a: Evoke Berserk Rage


You were on level 3 of the Dungeon.
You were not hungry.

You visited 1 branch of the dungeon, and saw 4 of its levels.

You collected 208 gold pieces.

Inventory:

Hand Weapons
 f - a +0 rapier
 s - a +0 falchion
 u - a +1 trident of venom (weapon)
Missiles
 a - 2 throwing nets (quivered)
 d - 61 sling bullets
 o - 6 curare-tipped needles
Armour
 g - a +0 robe (worn)
 q - a +0 cloak (worn)
Jewellery
 t - an amulet of rage (around neck)
Scrolls
 e - a scroll of enchant armour
 v - a scroll of enchant weapon {unknown}
 w - a scroll of teleportation {unknown}
Potions
 h - a potion of flight {unknown}
 i - 2 potions of heal wounds
 j - a potion of might {unknown}
 k - 3 potions of curing
 l - a potion of mutation {unknown}
 m - a potion of brilliance {unknown}
 p - a potion of lignification {unknown}
 x - a potion of agility {unknown}
Books
 b - a book of Conjurations

   Spells                             Type                      Level
   a - Magic Dart                     Conjuration                  1
   b - Searing Ray                    Conjuration                  2
   c - Dazzling Spray                 Conjuration/Hexes            3
   d - Fulminant Prism                Conjuration/Hexes            4
   e - Force Lance                    Conjuration/Translocation    4
   f - Iskenderun's Mystic Blast      Conjuration                  4
Comestibles
 c - 2 bread rations
 n - 2 meat rations
 r - 3 chunks of flesh


   Skills:
 - Level 2.4 Dodging
 - Level 2.4 Stealth
 + Level 4.8 Spellcasting
 * Level 7.0 Conjurations
 + Level 1.4 Hexes


You had 3 spell levels left.
You knew the following spells:

 Your Spells              Type           Power        Failure   Level  Hunger
a - Magic Dart            Conj           ####         1%          1    None
b - Iskenderun's Mystic   Conj           ####....     6%          4    ####...
d - Dazzling Spray        Conj/Hex       ###...       6%          3    ##.....
r - Searing Ray           Conj           ####..       1%          2    None


Dungeon Overview and Level Annotations

Branches:
Dungeon (4/15)
 Temple: D:4-7

Altars:
Elyvilon

Annotations:
D:3 Grinder


Message History

The leopard gecko closely misses you. Grinder gestures at you.
You suddenly lose the ability to move!
The worker ant bites you. The leopard gecko bites you.
Grinder drinks a potion.
Grinder is healed!
The orc hits you but does no damage. The worker ant bites you.
* * * LOW HITPOINT WARNING * * *
The leopard gecko bites you but does no damage.
Grinder hits you.
* * * LOW HITPOINT WARNING * * *
You writhe in agony.
* * * LOW HITPOINT WARNING * * *
The worker ant bites you.
* * * LOW HITPOINT WARNING * * *
You are lethally poisoned!
The worker ant poisons you! The orc completely misses you.
The leopard gecko bites you.
* * * LOW HITPOINT WARNING * * *
You can move again.
You climb upwards.
You die...

###...# #...#####........#
####..## #....###.........#
..##...# #..#...(..########
#.###..# #..#....###
....######..##...# #######
#.#.........#..#.# ##.....##
#..####......)[#.# ##>......##
##.## ##.....[##.#####.........#
#..# #...<....@l.)...........#
##.# #.......a5####..........#
###.######.......#####.........#
#..............................#
#...............#######.....(.##
#...............# #.........#
................# #.........#
#.>........###### #.........#
#..........# #.........#


You could see Grinder, a worker ant and a leopard gecko.

Vanquished Creatures
  An orc priest (D:3)
  9 adders
  4 gnolls (D:3)
  3 oozes
  2 worms
  A dart slug (D:2)
  4 leopard geckos
  5 orcs
  3 giant cockroaches
  9 hobgoblins
  6 jackals
  4 frilled lizards
  8 goblins
  9 kobolds
  7 rats
75 creatures vanquished.

Notes
Turn   | Place    | Note
-------+----------+-------------------------------------------
     0 | D:1      | dracos369 the Deep Elf Conjurer began the quest for the Orb.
     0 | D:1      | Reached XP level 1. HP: 10/10 MP: 6/6
   241 | D:1      | Reached XP level 2. HP: 15/15 MP: 4/8
   245 | D:1      | Learned a level 2 spell: Searing Ray
   348 | D:1      | Reached skill level 5 in Conjurations
   858 | D:2      | Reached XP level 3. HP: 19/19 MP: 3/9
   863 | D:2      | Learned a level 3 spell: Dazzling Spray
  1539 | D:2      | Reached skill level 6 in Conjurations
  1611 | D:2      | Reached XP level 4. HP: 24/24 MP: 7/10
  1992 | D:2      | Found a white marble altar of Elyvilon.
  2373 | D:3      | Learned a level 4 spell: Iskenderun's Mystic Blast
  2449 | D:3      | Reached XP level 5. HP: 28/28 MP: 4/13
  2844 | D:3      | Reached skill level 1 in Hexes
  2859 | D:3      | Reached skill level 7 in Conjurations
  3312 | D:4      | Noticed Grinder
  3319 | D:4      | Paralysed by Grinder for 3 turns
  3321 | D:4      | HP: 1/28 [leopard gecko (2)]
  3322 | D:3      | Succumbed to a worker ant's poison

Vault maps used:
D:1:      sevenhm_arrival_forest_fort_small_4, minmay_strange_pillars,
          hangedman_decor_peaks_small
D:2:      lemuel_round_altar
D:4:      serial_bayou_pond_c, st_stairs_11, led_xom_imps, uniq_grinder

Skill      XL: |  1  2  3  4  5 |
---------------+----------------+-----
Conjurations   | 5 6 7 |  7.0
Spellcasting   | 4 |  4.8
Hexes          | 1 |  1.4
Dodging        | |  2.4
Stealth        | |  2.4

Action                   |  1- 3 |  4- 6 || total
-------------------------+-------+-------++-------
Melee: Club              |     9 |    43 ||    52
       Rapier            |       |    17 ||    17
       Trident           |       |    10 ||    10
 Cast: Magic Dart        |    40 |    10 ||    50
       Searing Ray       |     6 |    13 ||    19
       Iskenderun's Myst |       |     7 ||     7
       Dazzling Spray    |       |     6 ||     6
  Use: Scroll            |     3 |     2 ||     5
       Potion            |       |     1 ||     1
 Stab: Sleeping          |     3 |     3 ||     6
       Invisible         |       |     2 ||     2
  Eat: Chunk             |     1 |     8 ||     9
Armor: Robe              |       |    19 ||    19
Dodge: Dodged            |     8 |    66 ||    74

Table legend:
 A = Spawn XP
 B = Non-spawn XP
 C = Spawn XP percentage of total XP
 D = Spawn monster count
 E = Non-spawn monster count
 F = Spawn count percentage of total count
 G = Total turns spent on level
                    A         B        C        D         E        F      G
               +---------+---------+-------+---------+---------+-------+---------
         Total |       0 |     355 |   0.0 |       0 |      75 |   0.0 |  3322
               +---------+---------+-------+---------+---------+-------+---------
           D:1 |       0 |      29 |   0.0 |       0 |      17 |   0.0 |   918
           D:2 |       0 |     100 |   0.0 |       0 |      22 |   0.0 |  1303
           D:3 |       0 |     222 |   0.0 |       0 |      34 |   0.0 |  1091
           D:4 |       0 |       4 |   0.0 |       0 |       2 |   0.0 |    10
               +---------+---------+-------+---------+---------+-------+---------
